 Dungeon Crawl Stone Soup version 0.23.2-40-g277498a001 (webtiles) character file.

Game seed: 2963891699919810905

3796 Marnok the Grappler (level 9, -3/85 HPs)
             Began as a Troll Berserker on Oct 3, 2019.
             Was a High Priest of Trog.
             Slain by an orc warrior
             ... wielding a +0 battleaxe
              (13 damage)
             ... on level 8 of the Dungeon.
             The game lasted 00:36:04 (8026 turns).

Marnok the Grappler (Troll Berserker)               Turns: 8026, Time: 00:36:05

Health: -3/85      AC:  9    Str: 30      XL:     9   Next: 96%
Magic:  8/8        EV: 10    Int:  5 (6)  God:    Trog [*****.]
Gold:   531        SH:  9    Dex:  8 (9)  Spells: 8/8 levels left

rFire    x . .     SeeInvis .   D - +7 spear (flame)
rCold    + . .     Gourm    +   I - +0 shield
rNeg     . . .     Faith    .   r - +2 robe {MR+}
rPois    .         Spirit   .   (helmet restricted)
rElec    .         Reflect  .   e - +0 cloak
rCorr    .         Harm     .   (gloves unavailable)
MR       +....                  (boots unavailable)
Stlth    ++........             (no amulet)
HPRegen  0.64/turn              f - ring of ice
MPRegen  0.11/turn              g - +3 ring of intelligence

@: lethally poisoned (-3 -> -4), berserk cooldown, slowed, very slow
A: large, unfitting armour, claws 3, deterioration 1, fast metabolism 3,
gourmand, high mp 1, regeneration 1, screaming 1, shaggy fur 1, tough skin 3
a: Berserk, Trog's Hand, Brothers in Arms, Renounce Religion


You were on level 8 of the Dungeon.
You worshipped Trog.
Trog was extremely pleased with you.
You were very full.

You visited 2 branches of the dungeon, and saw 10 of its levels.
You also visited: Sewer and Ossuary.

You collected 531 gold pieces.

Inventory:

Hand Weapons
 d - a +2 flail of distortion
 y - the +1 dagger of Ihitaut {speed, *Corrode rElec Int-5 Dex+10}
   (You took it off an orc on level 4 of the Dungeon)

   Attacks with this weapon are significantly faster.
   It affects your intelligence (-5).
   It affects your dexterity (+10).
   It insulates you from electricity.
   It may corrode you when you take damage.
 D - a +7 spear of flaming (weapon)
Missiles
 h - 12 tomahawks
 i - 5 needles of sleeping
 q - 31 sling bullets
 x - 2 tomahawks of returning (quivered)
Armour
 e - a +0 cloak (worn)
 k - a +2 pair of gloves
 r - a +2 robe of magic resistance (worn)
 A - a +2 robe of positive energy
 B - a +0 robe of cold resistance
 I - a +0 shield (worn)
Jewellery
 f - a ring of ice (left claw)
 g - a +3 ring of intelligence (right claw)
Wands
 a - a wand of random effects (15)
 l - a wand of paralysis (7)
 o - a wand of iceblast (9)
Scrolls
 c - 10 scrolls of remove curse
 j - 4 scrolls of fear
 n - 2 scrolls of teleportation
 t - a scroll of enchant armour {unknown}
 v - 2 scrolls of fog
 w - a scroll of magic mapping
Potions
 m - 3 potions of flight
 s - 4 potions of resistance
 u - a potion of invisibility
 G - 2 potions of brilliance
Comestibles
 b - 9 rations


   Skills:
 + Level 4.5 Fighting
 + Level 3.6 Short Blades
 + Level 1.3 Polearms
 + Level 7.1 Dodging
 + Level 2.3 Stealth
 + Level 2.7 Shields
 + Level 8.5 Unarmed Combat


You had 8 spell levels left.
You didn't know any spells.
Your spell library was empty.

Dungeon Overview and Level Annotations

Branches:
Dungeon (9/15)             Temple (1/1) D:6
   Lair: D:8-11         Orc: D:9-12

Altars:
Ashenzari
Dithmenos
Elyvilon
Fedhas
Gozag
Nemelex Xobeh
Okawaru
Qazlal
Ru
Sif Muna
Trog
Uskayaw
Wu Jian
Xom
Zin
Beogh

Annotations:
D:6 2 transporters


Innate Abilities, Weirdness & Mutations

You are too large for most types of armour.
You have claws for hands.
Your metabolism is lightning-fast.
You like to eat raw meat.
Your natural rate of healing is unusually fast.
You are covered in fur. (AC +1)
You have extremely tough skin. (AC +3)
Your body sometimes deteriorates upon taking damage.
You have an increased reservoir of magic. (+10% MP)
You occasionally shout uncontrollably at your foes.


Message History

The orc warrior hits you with a +0 battleaxe!
* * * LOW HITPOINT WARNING * * *
You barely miss the orc warrior.
The orc warrior is moderately wounded.
The orc hits you but does no damage.
The phantom blinks!
You are too berserk!
Unknown command.
You feel a strong urge to attack something.
You feel sick.
You are no longer berserk.
You are exhausted.
You feel yourself slow down.
You feel sick.
You feel sick.
The orc throws a stone.
The stone closely misses you.
The orc throws a stone.
You block the stone.
You see here a stone.
You feel sick.
The phantom blinks!
You block the orc warrior's attack.
The orc warrior hits you with a +0 battleaxe!
You die...

#ยง# #..# #y# #..# #o## #..#
#.o# #..# ##o## #..###
##..######....#
#...o.........#
#...o.........#
#...@(........# .#####
#.....####...(###### .......
#.....# #.........#
#.......##.....## #.........#
#............^..#
##........## #............#.#
#........'. #............#.##
#........##
##........#####..###........#
.........)######......)(...<#


You could see 2 orc warriors, a killer bee, 2 orc priests and an orc.

Vanquished Creatures
  Erica (D:8)
  Prince Ribbit (D:7)
  The ghost of kalagan the Digger, an amateur GrEE (D:4)
  An orc warrior (D:5)
  A black bear (D:8)
  2 sky beasts
  2 ogres
  A necrophage (D:6)
  A centaur (D:5)
  4 big kobolds (Sewer)
  A gnoll sergeant (D:5)
  A scorpion (D:4)
  4 killer bees (D:8)
  3 wights (D:6)
  3 crimson imps (D:5)
  3 hounds
  8 orc priests
  2 jellies
  6 orc wizards
  2 bullfrog skeletons
  A centaur skeleton (D:8)
  5 worker ants
  A hound skeleton (D:6)
  8 mummies (Ossuary)
  A worker ant zombie (D:8)
  Robin (D:2)
  6 gnolls
  9 adders
  2 river rats (Sewer)
  A shadow imp (D:5)
  5 oozes
  9 worms
  4 dart slugs
  7 leopard geckos
  39 orcs
  A ball python (D:3)
  5 bats (D:1)
  5 giant cockroaches
  2 gnoll zombies (Ossuary)
  21 goblins
  7 hobgoblins
  19 jackals
  13 kobolds
  2 quokkas
  3 frilled lizards
  A hobgoblin zombie (Ossuary)
  2 kobold zombies (Ossuary)
  A leopard gecko skeleton (D:4)
  3 orc zombies (Ossuary)
  10 rats
242 creatures vanquished.

Vanquished Creatures (collateral kills)
  A killer bee (D:8)
  A crimson imp (D:8)
  A quokka (D:8)
3 creatures vanquished.

Vanquished Creatures (others)
  A killer bee (D:8)
1 creature vanquished.

Grand Total: 246 creatures vanquished

Notes
Turn   | Place    | Note
-------+----------+-------------------------------------------
     0 | D:1      | Marnok the Troll Berserker began the quest for the Orb.
     0 | D:1      | Reached XP level 1. HP: 22/22 MP: 0/0
   142 | D:1      | Reached XP level 2. HP: 26/29 MP: 1/1
   476 | D:2      | Reached XP level 3. HP: 10/36 MP: 2/2
   840 | D:1      | Reached ** piety under Trog
  1040 | D:3      | Reached XP level 4. HP: 44/44 MP: 3/3
  1043 | D:3      | Reached skill level 4 in Unarmed Combat
  1058 | D:3      | Reached XP level 5. HP: 39/50 MP: 4/4
  1102 | D:3      | Found a glowing drain.
  1106 | Sewer    | Entered a sewer
  1281 | Sewer    | Reached XP level 6. HP: 52/59 MP: 5/5
  1296 | Sewer    | Reached skill level 5 in Unarmed Combat
  1339 | Sewer    | Reached *** piety under Trog
  1613 | Sewer    | Reached skill level 6 in Unarmed Combat
  1613 | Sewer    | Reached XP level 7. HP: 66/67 MP: 6/6
  1660 | D:3      | Found a hide-covered altar of Uskayaw.
  1662 | D:3      | Found an iron altar of Okawaru.
  1876 | D:2      | Reached **** piety under Trog
  2219 | D:2      | Found a bloodstained altar of Trog.
  2219 | D:2      | Noticed Robin
  2241 | D:2      | Killed Robin
  2359 | D:4      | Found a sand-covered staircase.
  2364 | Ossuary  | Entered an ossuary
  2384 | Ossuary  | Reached skill level 7 in Unarmed Combat
  2872 | D:4      | Reached skill level 5 in Dodging
  2872 | D:4      | Reached XP level 8. HP: 75/75 MP: 7/7
  2898 | D:4      | Found a deep blue altar of Sif Muna.
  3092 | D:3      | Found a white marble altar of Elyvilon.
  3150 | D:3      | Found a blossoming altar of Fedhas.
  3432 | D:5      | Entered Level 5 of the Dungeon
  3437 | D:4      | Reached ***** piety under Trog
  3468 | D:4      | Found a runed translucent gate.
  3468 | D:4      | Found a runed translucent gate.
  3468 | D:4      | Found a runed translucent gate.
  3481 | D:4      | Noticed kalagan's ghost (amateur GrEE)
  3482 | D:4      | Identified the +1 dagger of Ihitaut {speed, *Corrode rElec
                  | Int-5 Dex+10}
  3482 | D:4      | Identified the +4 scale mail "Liuligodgh" {rPois rF+ rN+}
  3486 | D:4      | Found a roughly hewn altar of Beogh.
  3855 | D:4      | Killed kalagan's ghost
  3855 | D:4      | Reached skill level 1 in Stealth
  3855 | D:4      | Reached skill level 8 in Unarmed Combat
  4271 | D:5      | Reached skill level 1 in Short Blades
  5037 | D:5      | Reached XP level 9. HP: 37/84 MP: 8/8
  5480 | D:6      | Found a staircase to the Ecumenical Temple.
  5533 | D:6      | Found a transporter.
  5686 | D:6      | Found a transporter.
  5709 | D:6      | Found a shadowy altar of Dithmenos.
  5974 | Temple   | Entered the Ecumenical Temple
  6181 | Temple   | Gained mutation: You occasionally shout uncontrollably at
                  | your foes. [potion of mutation]
  6181 | Temple   | Gained mutation: Your body sometimes deteriorates upon
                  | taking damage. [potion of mutation]
  6181 | Temple   | Gained mutation: You have an increased reservoir of magic.
                  | (+10% MP) [potion of mutation]
  6580 | D:6      | Found a shimmering altar of Xom.
  6582 | D:6      | Noticed an angel
  6586 | D:6      | Found a glowing silver altar of Zin.
  6813 | D:7      | Found an ornate altar of the Wu Jian Council.
  6814 | D:7      | Found a shattered altar of Ashenzari.
  6979 | D:7      | Found a sparkling altar of Nemelex Xobeh.
  6980 | D:7      | Found an opulent altar of Gozag.
  7033 | D:7      | Noticed Prince Ribbit
  7043 | D:7      | Lost intelligence.
  7058 | D:7      | HP: 4/84 [Prince Ribbit (8)]
  7082 | D:7      | HP: 3/84 [Prince Ribbit (13)]
  7193 | D:8      | Lost intelligence.
  7342 | D:7      | Killed Prince Ribbit
  7342 | D:7      | Reached skill level 1 in Shields
  7629 | D:8      | Noticed Erica
  7665 | D:8      | Killed Erica
  7665 | D:8      | Reached skill level 1 in Polearms
  8026 | D:8      | Slain by an orc warrior

Skill      XL: |  1  2  3  4  5  6  7  8  9 |
---------------+----------------------------+-----
Dodging        | 3 4 5 7 |  7.1
Unarmed Combat | 4 6 7 8 |  8.5
Fighting       | 3 4 |  4.5
Stealth        | 2 |  2.3
Short Blades   | 2 3 |  3.6
Shields        | 2 |  2.7
Polearms       | 1 |  1.3

Action                   |  1- 3 |  4- 6 |  7- 9 || total
-------------------------+-------+-------+-------++-------
Melee: Unarmed           |   125 |   125 |   199 ||   449
       Punch             |     2 |     5 |    29 ||    36
       Dagger            |       |       |   589 ||   589
       Spear             |       |       |    87 ||    87
Invok: Berserk           |     1 |       |     5 ||     6
       Trog's Hand       |       |       |     1 ||     1
       Brothers in Arms  |       |       |     1 ||     1
  Use: Potion            |     1 |       |    18 ||    19
       Scroll            |     1 |       |    23 ||    24
 Stab: Sleeping          |       |       |     4 ||     4
       Invisible         |       |       |     3 ||     3
       Distracted        |       |       |     1 ||     1
  Eat: Chunk             |    15 |     8 |    56 ||    79
       Ration            |       |       |     2 ||     2
Armor: Animal skin       |    81 |    31 |    59 ||   171
       Robe              |       |       |   180 ||   180
       Skin              |       |       |     4 ||     4
Dodge: Dodged            |    96 |    56 |   387 ||   539
Block: Shield            |       |       |   131 ||   131
